 Dungeon Crawl Stone Soup version 0.28-a0-631-g0446da8ef9 (webtiles) character file.

Game seed: 17847728559836777684

9565 timneilson the Protected (level 11, -1/97 HPs)
             Began as a Deep Dwarf Fighter on Oct 9, 2021.
             Was a High Priest of Makhleb.
             Slain by a two-headed ogre (24 damage)
             ... on level 10 of the Dungeon.
             The game lasted 00:28:46 (8966 turns).

timneilson the Protected (Deep Dwarf Fighter)       Turns: 8966, Time: 00:28:47

Health: -1/97      AC: 17    Str: 22    XL:     11   Next: 24%
Magic:  4/4        EV: 10    Int: 10    God:    Makhleb [*****.]
Gold:   544        SH:  7    Dex: 12    Spells: 10/10 levels left

rFire   . . .      SeeInvis +   b - +3 demon blade "Lukad" {venom, rPois}
rCold   . . .      Faith    .   c - +1 buckler
rNeg    . . .      Spirit   .   k - +3 chain mail
rPois   +          Reflect  .   C - +0 helmet {SInv}
rElec   .          Harm     .   (no cloak)
rCorr   .          Rampage  .   E - +0 pair of gloves
Will    +....                   (no boots)
Stlth   ..........              (no amulet)
HPRegen 0.00/turn               (no ring)
MPRegen 0.09/turn               (no ring)

@: mighty
A: damage resistance, heal wounds, sense surroundings 2, no regeneration
a: Heal Wounds, Renounce Religion, Minor Destruction, Lesser Servant of Makhleb,
Major Destruction, Greater Servant of Makhleb


You were on level 10 of the Dungeon.
You worshipped Makhleb.
Makhleb was extremely pleased with you.
You visited 2 branches of the dungeon, and saw 11 of its levels.
You also visited: Sewer and Ossuary.

You collected 544 gold pieces.

Inventory:

Hand Weapons
 a - a +1 long sword of protection
 b - the +3 demon blade "Lukad" (weapon) {venom, rPois}
   (You acquired it in an ossuary)

   It poisons the flesh of those it strikes.
   rPois:     It protects you from poison.
 G - a +1 scimitar of flaming
Armour
 c - a +1 buckler (worn)
 j - a +0 plate armour
 k - a +3 chain mail (worn)
 C - a +0 helmet of see invisible (worn)
 E - a +0 pair of gloves (worn)
Jewellery
 J - a ring of ice
Wands
 l - a wand of paralysis (10)
 o - a wand of iceblast (23)
 y - a wand of digging (5)
 z - a wand of polymorph (22)
 A - a wand of mindburst (12)
Scrolls
 d - 2 scrolls of fear
 e - 3 scrolls of enchant armour
 p - a scroll of blinking
 u - 3 scrolls of magic mapping
 v - a scroll of fog
 w - a scroll of amnesia
 x - 2 scrolls of teleportation
 B - a scroll of enchant weapon
Potions
 f - 4 potions of heal wounds
 g - 3 potions of magic
 h - a potion of attraction
 i - a potion of lignification {unknown}
 m - 3 potions of mutation
 n - 7 potions of curing
 q - 3 potions of brilliance
 r - 3 potions of haste
 s - a potion of might
 t - a potion of flight {unknown}
 D - a potion of resistance
 F - a potion of berserk rage {unknown}
 I - a potion of ambrosia {unknown}


   Skills:
 + Level 6.0 Fighting
 * Level 8.7 Long Blades
 * Level 9.8 Armour
 + Level 6.2 Dodging
 * Level 9.8 Shields
 + Level 4.5 Invocations
 + Level 5.9 Evocations


You had 10 spell levels left.
You didn't know any spells.
Your spell library contained the following spells:

 Spells                   Type           Power      Damage    Failure   Level
 Slow                     Hex            0%         N/A       98%         2
 Confusing Touch          Hex            0%         N/A       100%        3
 Vampiric Draining        Necr           0%         2d6       100%        3
 Conjure Ball Lightning   Conj/Air       0%         3x3d6     100%        6
 Discord                  Hex            0%         N/A       100%        8
 Disjunction              Tloc           0%         N/A       100%        8


Dungeon Overview and Level Annotations

Branches:
Dungeon (10/15)            Temple (1/1) D:5            Lair (0/6) D:10
    Orc (0/2) D:9           Sewer (visited)         Ossuary (visited)

Altars:
Cheibriados
Dithmenos
Elyvilon
Fedhas
Gozag
Hepliaklqana
Kikubaaqudgha
Makhleb
Nemelex Xobeh
Okawaru
Qazlal
Ru
Uskayaw
Wu Jian
Xom
Zin
The Shining One

Shops:
D:7 ([(

Annotations:
D:3 3 runed translucent doors, ryw's ghost, amateur DsGl
D:9 2 runed translucent doors, DatFaddy's ghost, novice DsAK


Innate Abilities, Weirdness & Mutations

You are resistant to damage.
You can heal yourself by infusing magical energy.
You passively map the area around you.
You do not regenerate.


Message History

The wolf bites you but does no damage.
You miss the wolf.
The wolf is severely wounded.
The wolf bites you but does no damage. You block the wolf's attack.
You closely miss the wolf.
The wolf is severely wounded.
The wolf bites you.
You slash the wolf!
You kill the wolf!
Makhleb accepts your kill.
You feel better.
You see here a wolf corpse.
A two-headed ogre comes into view.
It is wielding a +0 giant club and a +0 giant spiked club.
The two-headed ogre shouts in stereo!
An electric eel comes into view.
The electric eel shoots out a bolt of lightning at you!
The bolt of electricity hits you but does no damage.
The electric eel shoots out a bolt of lightning at you!
The bolt of electricity misses you.
You see here a wolf corpse.
You feel very mighty all of a sudden. The two-headed ogre barely misses you.
You block the two-headed ogre's attack.
You slice the two-headed ogre!!
The two-headed ogre looks as sick as possible!
The two-headed ogre is moderately wounded.
You barely miss the two-headed ogre.
The two-headed ogre is moderately wounded.
The two-headed ogre hits you with a +0 giant club!!
The two-headed ogre hits you with a +0 giant spiked club!
* * * LOW HITPOINT WARNING * * *
You barely miss the two-headed ogre.
The two-headed ogre is moderately wounded.
The two-headed ogre hits you with a +0 giant club.
The two-headed ogre hits you with a +0 giant spiked club.
* * * LOW HITPOINT WARNING * * *
You slice the two-headed ogre!!
The two-headed ogre is almost dead.
You block the two-headed ogre's attack.
The two-headed ogre hits you with a +0 giant spiked club!!
You die...

#.#####.## * ** , * * ** #.#
#.# ..# , ,, ,, #.# #.# * ,
,#.# , #.# #.# *#.## , #.# #.#
* * ...# , ..# #.# , * *#..# *
## ###.### # #..# * * #.....#
#.#######..# *+ # #.#+#.#
#..@O...†..# .,, ## #.+_'.#
##########.# *##..,, .##
#.#'### ##.#.##.....
..###....###########...........
..+...>..........†....≈....≈.≈.
..###.<....#########...≈.≈.≈.≈.
.# ###.##.# ##...≈.S.≈≈. ##
####.# #.≈.≈≈S≈≈.≈ # #.# ****
*#...≈≈≈≈≈≈≈ ≈


You could see a two-headed ogre (very poisoned).

Vanquished Creatures
  Erica (D:9)
  Pikel (D:4)
  A manticore (D:8)
  Psyche (D:9)
  A kobold demonologist (D:9)
  A troll (D:9)
  A wyvern (D:7)
  3 yaks (D:9)
  7 vampire mosquitoes
  Menkaure (D:4)
  A swamp drake (D:9)
  Purgy (D:4)
  A sky beast (D:8)
  2 black bears (D:6)
  7 orc warriors
  2 ice beasts
  3 ogres
  3 wolves (D:10)
  6 centaurs
  2 phantoms (D:6)
  6 kobold brigands
  A bullfrog (D:9)
  3 gnoll sergeants
  3 wyvern zombies
  2 scorpions
  A water moccasin skeleton (D:4)
  9 killer bees
  4 wights (D:7)
  2 howler monkeys
  5 centaur zombies
  6 hounds
  7 orc priests
  2 centaur skeletons (D:7)
  2 gnoll shamans (D:6)
  A jelly (D:8)
  5 iguanas
  Natasha (thrice) (D:2)
  15 orc wizards
  3 mummies (Ossuary)
  21 gnolls
  5 adders
  2 river rats (Sewer)
  2 white imps
  An ufetubus (D:6)
  8 worms
  3 dart slugs
  44 orcs
  3 bats (D:2)
  13 endoplasms
  12 giant cockroaches
  A gnoll zombie (Ossuary)
  4 goblins
  4 hobgoblins
  2 jackals (D:5)
  7 quokkas
  11 ball pythons
  3 frilled lizards
  3 hobgoblin zombies (Ossuary)
  11 kobolds
  2 orc zombies (Ossuary)
  7 rats
295 creatures vanquished.

Notes
Turn   | Place    | Note
-------+----------+-------------------------------------------
     0 | D:1      | timneilson the Deep Dwarf Fighter began the quest for the
                  | Orb.
     0 | D:1      | Reached XP level 1. HP: 20/20 MP: 1/1
   433 | D:1      | Found a faded altar of an unknown god.
   514 | D:1      | Reached XP level 2. HP: 27/27 MP: 2/2
   935 | D:2      | Noticed Natasha
   942 | D:2      | Noticed a crimson imp
   944 | D:2      | Noticed a crimson imp
   946 | D:2      | Noticed a crimson imp
   947 | D:2      | Killed Natasha
   948 | D:2      | Reached XP level 3. HP: 22/33 MP: 3/3
  1136 | D:2      | Noticed Natasha
  1149 | D:2      | Killed Natasha
  1150 | D:2      | Reached skill level 1 in Dodging
  1150 | D:2      | Reached XP level 4. HP: 23/40 MP: 3/3
  1321 | D:2      | Noticed Natasha
  1330 | D:2      | Killed Natasha
  1816 | D:3      | Found a glowing drain.
  1822 | D:3      | Reached XP level 5. HP: 30/49 MP: 3/3
  1831 | Sewer    | Entered a sewer
  1988 | Sewer    | Reached XP level 6. HP: 35/56 MP: 3/3
  2131 | Sewer    | Reached skill level 5 in Armour
  2131 | Sewer    | Reached skill level 5 in Shields
  2158 | Sewer    | Reached XP level 7. HP: 27/62 MP: 3/3
  2853 | D:3      | Found a runed translucent gate.
  2854 | D:3      | Found a runed translucent gate.
  2854 | D:3      | Noticed ryw's ghost (amateur DsGl)
  2855 | D:3      | Found a runed translucent gate.
  2918 | D:4      | Noticed Menkaure
  2928 | D:4      | Killed Menkaure
  3330 | D:4      | Noticed Pikel
  3346 | D:4      | Paralysed by Pikel for 7 turns
  3360 | D:4      | Paralysed by Pikel for 4 turns
  3370 | D:4      | Killed Pikel
  3371 | D:4      | Reached skill level 5 in Long Blades
  3371 | D:4      | Reached XP level 8. HP: 56/72 MP: 3/3
  3512 | D:4      | Noticed Purgy
  3551 | D:4      | Killed Purgy
  3689 | D:5      | Entered Level 5 of the Dungeon
  3740 | D:5      | Found a staircase to the Ecumenical Temple.
  3745 | D:5      | Reached skill level 1 in Evocations
  3787 | Temple   | Entered the Ecumenical Temple
  3797 | Temple   | Became a worshipper of Makhleb the Destroyer
  3989 | D:5      | Found a sand-covered staircase.
  4004 | Ossuary  | Entered an ossuary
  4137 | Ossuary  | Gained mutation: You passively map the area around you.
                  | [Deep Dwarf growth]
  4137 | Ossuary  | Reached XP level 9. HP: 22/79 MP: 3/3
  4212 | Ossuary  | Identified a scroll of acquirement
  4212 | Ossuary  | Acquired the +3 demon blade "Lukad" {venom, rPois}
  4837 | D:6      | Reached * piety under Makhleb
  5719 | D:6      | Reached ** piety under Makhleb
  5782 | D:7      | Found an iron altar of Okawaru.
  5948 | D:7      | Reached skill level 5 in Fighting
  5948 | D:7      | Reached skill level 1 in Invocations
  6019 | D:7      | Found Esiggaid's Antique Weapon Boutique.
  6050 | D:7      | Reached skill level 5 in Dodging
  6097 | D:7      | Found Umijer's Antique Weapon Boutique.
  6195 | D:7      | Found Fuadig's Antique Armour Boutique.
  6456 | D:8      | Reached XP level 10. HP: 52/88 MP: 2/2
  6607 | D:8      | Found a shadowy altar of Dithmenos.
  6766 | D:8      | Reached *** piety under Makhleb
  7130 | D:8      | Noticed a manticore
  7142 | D:8      | Killed a manticore
  7844 | D:9      | Noticed Erica
  7861 | D:9      | Killed Erica
  7862 | D:9      | Reached skill level 5 in Evocations
  7888 | D:9      | Found an ancient bone altar of Kikubaaqudgha.
  7920 | D:9      | Found a large runed translucent door.
  7921 | D:9      | Found a large runed translucent door.
  7931 | D:9      | Noticed DatFaddy's ghost (novice DsAK)
  8031 | D:9      | Reached **** piety under Makhleb
  8049 | D:9      | Found an opulent altar of Gozag.
  8119 | D:9      | Noticed Psyche
  8131 | D:9      | Killed Psyche
  8278 | D:9      | Reached XP level 11. HP: 58/97 MP: 5/5
  8374 | D:9      | Found a staircase to the Orcish Mines.
  8597 | D:10     | Entered Level 10 of the Dungeon
  8640 | D:10     | Found a white marble altar of Elyvilon.
  8641 | D:10     | Found a hide-covered altar of Uskayaw.
  8719 | D:10     | Found a snail-covered altar of Cheibriados.
  8768 | D:10     | Found an ancient bone altar of Kikubaaqudgha.
  8768 | D:10     | Found an iron altar of Okawaru.
  8770 | D:10     | Found a shimmering altar of Xom.
  8770 | D:10     | Found a shimmering altar of Xom.
  8770 | D:10     | Found a blossoming altar of Fedhas.
  8870 | D:10     | Found a hazy altar of Hepliaklqana.
  8905 | D:10     | Reached ***** piety under Makhleb
  8926 | D:10     | Found a staircase to the Lair.
  8942 | D:10     | Noticed a two-headed ogre
  8966 | D:10     | Slain by a two-headed ogre

Illustrated notes

Levels and vault maps discovered:
D:1:      dpeg_arrival_fog, layout_loops_corners, ebering_ecumenical_altar_rust
D:2:      layout_basic, small_statue_intersection, uniq_natasha
D:3:      layout_rooms, serial_rivers, chequers_serial_rivers_micro_b,
          chequers_serial_rivers_micro_c, chequers_serial_rivers_small_3,
          chequers_serial_rivers_micro_b, chequers_serial_rivers_large_b,
          gup_sewer_entry_pipe, gammafunk_ghost_nasty_kobolds, minmay_circle_x
D:4:      layout_basic, lemuel_flame_loot_1, uniq_purgy, uniq_pikel,
          uniq_menkaure
D:5:      layout_loops_corners, minmay_temple_entry_slanted,
          nicolae_ossuary_entry_false_entrances
D:6:      layout_rooms, serial_co_window_serial, co_window_paths_a,
          co_window_paths_a, co_window_of_opportunity_a, co_window_paths_a,
          co_window_paths_b, co_window_paths_b, co_window_cross_1,
          co_window_corner_a, co_window_paths_a, co_window_unsneaky_path_a,
          co_window_broadway_a, co_window_paths_c, co_window_corner_ca
D:7:      layout_basic, okawaru_gym_becter, serial_shops,
          nicolae_shop_behind_doors, shop, shop, dk_rats_in_the_wall
D:8:      layout_layer_cave, mainiacjoe_overflow_catwalk
D:9:      layout_basic, kennysheep_little_box, grunt_gozag_statues, erik_orc_1,
          ebering_ghost_disaster_area, grunt_ministairs_15, uniq_erica,
          uniq_psyche
D:10:     layout_loops_corners, kennysheep_mini, ashenzari_altar_1,
          mainiacjoe_overflow_divided_tiny, vehumet_crystals,
          doesnt_xom_only_xom, erik_lair_island
Temple:   nicolae_temple_x_marks_the_god

Skill      XL: |  1  2  3  4  5  6  7  8  9 10 11 |
---------------+----------------------------------+-----
Dodging        | 1 2 3 4 5 6 |  6.2
Shields        | 4 5 6 7 8 9 |  9.8
Fighting       | 3 4 5 6 |  6.0
Long Blades    | 3 4 5 6 7 8 |  8.7
Armour         | 4 5 6 7 8 9 |  9.8
Evocations     | 2 4 5 |  5.9
Invocations    | 2 4 |  4.5

Action                   |  1- 3 |  4- 6 |  7- 9 | 10-12 || total
-------------------------+-------+-------+-------+-------++-------
Melee: Long sword        |    55 |   206 |   272 |       ||   533
       Demon blade       |       |       |   209 |   427 ||   636
 Abil: Heal Wounds       |     2 |     3 |     9 |     2 ||    16
  Use: Scroll            |     3 |     3 |    15 |     2 ||    23
       Potion            |       |       |     4 |     3 ||     7
Armor: Scale mail        |    27 |    71 |    24 |       ||   122
       Chain mail        |       |       |   200 |   216 ||   416
Dodge: Dodged            |    35 |    81 |   176 |   168 ||   460
Block: Buckler           |    22 |    42 |   169 |   150 ||   383

Table legend: (Time is in decaauts)
 A = Elapsed time spent in this place.
 B = Non-inter-level travel time spent in this place.
 C = Inter-level travel time spent in this place.
 D = Time resting spent in this place.
 E = Time spent auto-exploring this place.
 F = Levels seen in this place.
 G = Mean time per level.
                   A        B        C        D        E       F      G
               +--------+--------+--------+--------+--------+-----+--------+
         Total |   9234 |   8945 |    289 |     38 |   5854 |  13 |  710.3 |
       Dungeon |   8137 |   7857 |    280 |      0 |   5337 |  10 |  813.7 |
        Temple |     20 |     11 |      9 |      0 |      0 |   1 |   20.0 |
         Sewer |    845 |    845 |      0 |     23 |    475 |   1 |  845.0 |
       Ossuary |    231 |    231 |      0 |     15 |     42 |   1 |  231.0 |
               +--------+--------+--------+--------+--------+-----+--------+

Top non-repeatable levels by time:
     D:8: 1369 daAuts
     D:6: 945 daAuts
     D:5: 872 daAuts
   Sewer: 845 daAuts
     D:1: 836 daAuts
     D:4: 805 daAuts
     D:2: 756 daAuts
     D:3: 754 daAuts
     D:9: 751 daAuts
     D:7: 688 daAuts
    D:10: 357 daAuts
 Ossuary: 231 daAuts
  Temple: 20 daAuts
